 Dungeon Crawl Stone Soup version 0.31-a0-795-g5eb97db20b (webtiles) character file.

Game seed: 2677309377438366663

2471 dohliylev the Grappler (level 9, -2/80 HPs)
             Began as a Troll Warper on Sept 18, 2023.
             Shot with an arrow by a centaur (26 damage)
             ... on level 6 of the Dungeon.
             The game lasted 00:16:39 (5214 turns).

dohliylev the Grappler (Troll Warper)               Turns: 5214, Time: 00:16:39

Health: -2/80      AC:  5    Str: 31    XL:     9   Next: 26%
Magic:  10/10      EV: 10    Int:  9    God:
Gold:   223        SH:  0    Dex:  9    Spells: 4/11 levels left

rFire   . .          .
                       - Unarmed
rCold   . . .        (no shield)
rNeg    . . .        x - +0 troll leather armour {Pargi}
rPois   +            (helmet restricted)
rElec   .            h - scarf {+Inv}
rCorr   .            (gloves unavailable)
SInv    .            (boots unavailable)
Will    .....        (no amulet)
Stlth   +            i - ring of poison resistance
HPRegen 1.93/turn    m - +6 ring of strength
MPRegen 0.12/turn

%: no passive effects
@: no status effects
A: large, unfitting armour, claws 3, regeneration 1, shaggy fur 1, tough skin 1
a: Evoke Invisibility


You were on level 6 of the Dungeon.
You visited 1 branch of the dungeon, and saw 6 of its levels.
You also visited: Sewer.

You collected 223 gold pieces.

Inventory:

Missiles
 c - 7 darts of dispersal
Armour
 h - a scarf of invisibility (worn)
 x - a +0 troll leather armour (worn) {Pargi}
Jewellery
 i - a ring of poison resistance (left claw)
 m - a +6 ring of strength (right claw)
 A - a ring of protection from fire
 B - a ring of willpower
Wands
 a - a wand of polymorph (4)
 n - a wand of paralysis (9)
Scrolls
 b - 2 scrolls of blinking
 d - 2 scrolls of enchant armour
 f - a scroll of revelation
 g - 4 scrolls of teleportation
 j - a scroll of silence
 l - a scroll of poison
 q - 2 scrolls of fog
 s - a scroll of butterflies
 t - 2 scrolls of enchant weapon {unknown}
 y - 2 scrolls of noise {unknown}
 z - a scroll of amnesia {unknown}
Potions
 e - a potion of attraction {unknown}
 o - 5 potions of curing {unknown}
 p - 2 potions of ambrosia {unknown}
 r - a potion of lignification {unknown}
 u - a potion of resistance {unknown}
 v - a potion of haste {unknown}
 w - 3 potions of brilliance {unknown}
 C - a potion of magic {unknown}


   Skills:
 + Level 2.9 Fighting
 + Level 3.4 Throwing
 + Level 3.6 Armour
 + Level 4.5 Dodging
 + Level 8.7 Unarmed Combat
 + Level 1.9 Spellcasting
 + Level 3.2 Translocations


You had 4 spell levels left.
You knew the following spells:

 Your Spells              Type           Power      Damage    Failure   Level
a - Blink                 Tloc           12%        N/A       16%         2
b - Teleport Other        Tloc           6%         N/A       30%         3
c - Lesser Beckoning      Tloc           12%        N/A       16%         2

Your spell library contained the following spells:

 Spells                   Type           Power      Damage    Failure   Level
 Manifold Assault         Tloc           6%         N/A       69%         4
 Call Canine Familiar     Summ           0%         N/A       75%         3
 Sigil of Binding         Hex            0%         N/A       75%         3
 Dimensional Bullseye     Hex/Tloc       1%         N/A       88%         4
 Vhi's Electric Charge    Tloc/Air       6%         N/A       88%         4
 Leda's Liquefaction      Hex/Erth       0%         N/A       98%         4


Dungeon Overview and Level Annotations

Branches:
Dungeon (6/15)             Temple (0/1) D:4           Sewer (visited)

Altars:
Gozag
Makhleb
Okawaru
Ru
Trog
Uskayaw
Wu Jian
Xom
The Shining One

Shops:
D:5 :


Innate Abilities, Weirdness & Mutations

You are too large for most types of armour.
You have claws for hands.
Your natural rate of healing is unusually fast.
You are covered in fur. (AC +1)
You have tough skin. (AC +1)


Message History

Press: ? - help, Q - select action, (/) - cycle Shift-Dir - straight line, f/p - centaur
Aim: a centaur, wielding a +2 heavy orcbow (heavily wounded, poisoned, 65% to hit)
You throw a poisoned dart.
The poisoned dart barely misses the centaur.
The centaur shoots an arrow.
The arrow closely misses you. The white imp gestures at you.
The puff of frost hits you!
Throw: 2 darts (poison)
Press: ? - help, Q - select action, (/) - cycle Shift-Dir - straight line, f/p - centaur
Aim: a centaur, wielding a +2 heavy orcbow (heavily wounded, poisoned, 65% to hit)
You throw a poisoned dart. The poisoned dart hits the centaur.
The centaur looks even sicker.
The centaur is heavily wounded.
The centaur shoots an arrow.
The arrow hits you!! The white imp gestures at you. The puff of frost hits you.
You start resting.
A white imp is nearby!
Throw: dart (poison)
Press: ? - help, Q - select action, (/) - cycle Shift-Dir - straight line, f - white imp
Aim: a white imp (52% to hit)
You throw a poisoned dart. The poisoned dart hits the white imp!
The white imp gestures at you. The puff of frost hits you!
Unknown command.
Unknown command.
Okay, then.
The centaur shoots an arrow.
The arrow hits you!!
* * * LOW HITPOINT WARNING * * *
Casting: Lesser Beckoning (safe; 16% risk of failure)
Confirm with . or Enter, or press ? or * to list all spells.
You blink.
You feel ready to blink again.
The centaur shoots an arrow.
The arrow hits you!!
* * * LOW HITPOINT WARNING * * *
The centaur shoots an arrow.
The arrow hits you!
* * * LOW HITPOINT WARNING * * *
The centaur shoots an arrow.
The arrow barely misses you.
The centaur shoots an arrow.
The arrow hits you!!
You die...

.###(................#
...#.................#
...#..##.............#
...#.####...........##
......##.##.........#
............#.#.....#
............#.#....##
..........###......##
..........##..##@...#
.............##....##
..................##
..........(.......#
.........c........#
.........5........#
..................#
........###..##.###
#...##.## #######


You could see a centaur and a white imp.

Vanquished Creatures
  A komodo dragon (D:6)
  9 yaks (D:5)
  Pargi (Sewer)
  An ice beast (D:5)
  2 ogres (D:5)
  A bullfrog (D:6)
  A scorpion (D:6)
  4 hounds
  2 jellies (D:5)
  An orc priest (D:5)
  A sleepcap (D:5)
  9 adders
  A gnoll (D:1)
  2 worms
  5 dart slugs (D:3)
  9 orcs
  A bat (D:2)
  4 endoplasms
  5 giant cockroaches
  6 goblins
  4 hobgoblins
  16 jackals
  4 kobolds
  7 quokkas
  4 ball pythons
  5 frilled lizards
  4 rats
110 creatures vanquished.

Vanquished Creatures (others)
  A wizard (D:5)
1 creature vanquished.

Grand Total: 111 creatures vanquished

Notes
Turn   | Place    | Note
-------+----------+-------------------------------------------
     0 | D:1      | dohliylev the Troll Warper began the quest for the Orb.
     0 | D:1      | Reached XP level 1. HP: 19/19 MP: 1/1
   145 | D:1      | Reached XP level 2. HP: 27/27 MP: 2/2
   207 | D:1      | HP: 1/27 [gnoll/+0 flail (13)]
   463 | D:1      | Reached XP level 3. HP: 33/33 MP: 3/3
   498 | D:1      | Learned a level 2 spell: Blink
  1362 | D:2      | Reached XP level 4. HP: 42/42 MP: 5/5
  1534 | D:2      | Found a shimmering altar of Xom.
  1730 | D:3      | Reached skill level 3 in Unarmed Combat
  1830 | D:3      | Found an iron altar of Okawaru.
  1832 | D:3      | Found a burning altar of Makhleb.
  1833 | D:3      | Found an opulent altar of Gozag.
  1833 | D:3      | Found an ornate altar of the Wu Jian Council.
  1835 | D:3      | Found a hide-covered altar of Uskayaw.
  1836 | D:3      | Found a glowing golden altar of the Shining One.
  2244 | D:3      | Found a faded altar of an unknown god.
  2675 | D:4      | Learned a level 3 spell: Teleport Other
  2706 | D:4      | Found a staircase to the Ecumenical Temple.
  2813 | D:4      | Found a glowing drain.
  2824 | D:4      | Reached XP level 5. HP: 48/49 MP: 6/6
  2832 | Sewer    | Entered a sewer
  2900 | Sewer    | Noticed Pargi
  2961 | Sewer    | Killed Pargi
  2962 | Sewer    | Reached skill level 4 in Unarmed Combat
  3083 | D:4      | Reached skill level 1 in Throwing
  3083 | D:4      | Reached XP level 6. HP: 53/57 MP: 7/7
  3727 | D:5      | Entered Level 5 of the Dungeon
  3756 | D:5      | Reached skill level 5 in Unarmed Combat
  3760 | D:5      | Noticed a yak
  3761 | D:5      | Noticed a yak
  3762 | D:5      | Noticed a yak
  3772 | D:5      | Noticed a yak
  3772 | D:5      | Noticed a yak
  3772 | D:5      | Noticed a yak
  3772 | D:5      | Noticed a yak
  3772 | D:5      | Noticed a yak
  3772 | D:5      | Noticed a yak
  3778 | D:5      | Found Ovoiske's Book Shop.
  3954 | D:5      | Killed a yak
  3955 | D:5      | Reached skill level 1 in Armour
  3955 | D:5      | Reached XP level 7. HP: 47/66 MP: 8/8
  3965 | D:5      | HP: 3/66 [yak (12)]
  4216 | D:5      | Learned a level 2 spell: Lesser Beckoning
  4321 | D:5      | Reached skill level 6 in Unarmed Combat
  4427 | D:5      | Found a bloodstained altar of Trog.
  4428 | D:5      | Noticed a wizard
  4433 | D:5      | Killed a wizard
  4667 | D:5      | Killed a yak
  4668 | D:5      | Reached XP level 8. HP: 74/74 MP: 9/9
  4680 | D:5      | Reached skill level 7 in Unarmed Combat
  4707 | D:5      | Reached skill level 8 in Unarmed Combat
  4712 | D:5      | Reached XP level 9. HP: 40/80 MP: 10/10
  4872 | D:6      | Paralysed by a hornet for 2 turns
  4993 | D:6      | Found a sacrificial altar of Ru.
  5027 | D:6      | Noticed a komodo dragon
  5053 | D:6      | Killed a komodo dragon
  5214 | D:6      | Shot with an arrow by a centaur

Illustrated notes

Levels and vault maps discovered:
D:1:      kilobyte_arrival_exit_the_forest, layout_rooms, grunt_decor_cap
D:2:      layout_basic, basic_altar
D:3:      minmay_chambers_of_threes, layout_loops_ring,
          grunt_temple_overflow_open, ebering_ecumenical_altar_webs,
          chequers_serial_rivers_large_a
D:4:      layout_rooms, minmay_temple_entry_wispy, serial_co_window_serial,
          co_window_paths_a, co_window_corner_a, co_window_cross_1,
          co_window_paths_a, co_window_paths_b, co_window_corner_b,
          co_window_paths_c, co_window_of_opportunity_b, co_window_broadway_b,
          co_window_2corner, co_window_4corner_b, glass_columns_b,
          glass_columns_b, glass_columns_a, glass_columns_a, glass_columns_b,
          portal_sewer_entry_f, hangedman_decor_points
D:5:      layout_cave_pods, trog_wizard, serial_shops, shop
D:6:      layout_cave_pools, lemuel_crystal_altar, corexii_shack

Skill      XL: |  1  2  3  4  5  6  7  8  9 |
---------------+----------------------------+-----
Dodging        | 2 3 4 |  4.5
Unarmed Combat | 3 4 5 6 8 |  8.7
Fighting       | 2 |  2.9
Throwing       | 1 2 3 |  3.4
Armour         | 1 2 3 |  3.6
Translocations | 3 |  3.2
Spellcasting   | |  1.9

Action                     |  1- 3 |  4- 6 |  7- 9 || total
---------------------------+-------+-------+-------++-------
  Melee: Unarmed           |    96 |   170 |   103 ||   369
         Punch             |     2 |     2 |     3 ||     7
  Throw: Dart              |       |     5 |    27 ||    32
   Cast: Blink             |       |     3 |     4 ||     7
         Lesser Beckoning  |       |       |     2 ||     2
    Use: Scroll            |       |     7 |     2 ||     9
   Stab: Sleeping          |     1 |       |       ||     1
 Armour: Robe              |    53 |   103 |       ||   156
         Troll leather arm |       |    30 |    75 ||   105
  Dodge: Dodged            |    60 |    84 |    39 ||   183

Table legend: (Time is in decaauts)
 A = Elapsed time spent in this place.
 B = Non-inter-level travel time spent in this place.
 C = Inter-level travel time spent in this place.
 D = Time resting spent in this place.
 E = Time spent auto-exploring this place.
 F = Levels seen in this place.
 G = Mean time per level.
                   A        B        C        D        E       F      G
               +--------+--------+--------+--------+--------+-----+--------+
         Total |   5180 |   4808 |    372 |    169 |   3015 |   7 |  740.0 |
       Dungeon |   4977 |   4605 |    372 |    169 |   2946 |   6 |  829.5 |
         Sewer |    203 |    203 |      0 |      0 |     69 |   1 |  203.0 |
               +--------+--------+--------+--------+--------+-----+--------+

Top non-repeatable levels by time:
     D:5: 1091 daAuts
     D:4: 1007 daAuts
     D:2: 972 daAuts
     D:3: 919 daAuts
     D:1: 707 daAuts
     D:6: 278 daAuts
   Sewer: 203 daAuts
